 Dungeon Crawl Stone Soup version 0.23-a0-612-gcb482e9 (webtiles) character file.

130 MisterFreud the Digger (level 5, -2/35 HPs)
             Began as a Human Wanderer on Dec 21, 2018.
             Killed from afar by an orc wizard (9 damage)
             ... with a magic dart
             ... on level 3 of the Dungeon.
             The game lasted 00:11:06 (3814 turns).

MisterFreud the Digger (Human Wanderer)             Turns: 3814, Time: 00:11:07

Health: -2/35      AC:  5    Str: 12    XL:     5   Next: 36%
Magic:  1/9        EV: 11    Int: 12    God:
Gold:   124        SH:  0    Dex: 14    Spells: 8/10 levels left

rFire    . . .     SeeInvis .   p - +0 dagger (drain)
rCold    . . .     Gourm    .   (no shield)
rNeg     . . .     Faith    .   d - +0 robe
rPois    .         Spirit   .   (no helmet)
rElec    .         Reflect  .   (no cloak)
rCorr    .         Harm     .   h - +2 pair of gloves
MR       .....                  (no boots)
Stlth    +.........             (no amulet)
HPRegen  0.11/turn              (no ring)
MPRegen  0.11/turn              (no ring)

@: very slightly contaminated, slowed, heavily drained, very slow
A: no striking features
a: no special abilities


You were on level 3 of the Dungeon.
You were hungry.

You visited 1 branch of the dungeon, and saw 3 of its levels.
You also visited: Sewer.

You collected 124 gold pieces.

Inventory:

Hand Weapons
 e - a +0 dagger
 i - a +0 short sword
 p - a +0 dagger of draining (weapon)
Missiles
 a - 19 sling bullets
 b - 54 stones (quivered)
 l - 21 arrows
Armour
 d - a +0 robe (worn)
 h - a +2 pair of gloves (worn)
Wands
 n - a wand of paralysis (7)
Scrolls
 j - 2 scrolls of remove curse {unknown}
 k - a scroll of fog {unknown}
 m - a scroll of identify {unknown}
 o - a scroll of magic mapping {unknown}
Potions
 c - a potion of flight {unknown}
 g - a potion of curing
Comestibles
 f - 3 rations


   Skills:
 - Level 0.1(0.0) Fighting
   Level 1.0(0.0) Shields
 - Level 3.0(1.8) Spellcasting
 - Level 2.0(0.9) Conjurations
   Level 1.0(0.0) Necromancy
 - Level 2.0(1.0) Air Magic
 + Level 3.4(2.2) Earth Magic
   Level 3.0(1.8) Poison Magic
 - Level 1.0(0.0) Evocations


You had 8 spell levels left.
You knew the following spells:

 Your Spells              Type           Power        Failure   Level  Hunger
a - Sandblast             Erth           #.....       11%         1    ##.....
b - Shock                 Conj/Air       #...         19%         1    ##.....

Your spell library contained the following spells:

 Spells                   Type           Power        Failure   Level  Hunger
 Sting                    Conj/Pois      #...         16%         1    ##.....
 Poisonous Vapours        Pois/Air       #.....       24%         2    ###....
 Stone Arrow              Conj/Erth      #.....       38%         3    ####...
 Mephitic Cloud           Conj/Pois/Air  #.......     43%         3    ####...
 Olgreb's Toxic Radiance  Pois           #.......     77%         4    #####..
 Venom Bolt               Conj/Pois      #.........   99%         5    ######.


Dungeon Overview and Level Annotations

Branches:
Dungeon (3/15)

Altars:
Sif Muna


Message History

Press: ? - help, Shift-Dir - straight line, f/p - orc wizard
Aim: an orc wizard, wielding a +0 dagger and wearing a cursed +0 robe The blast of sand hits the orc wizard.
The orc wizard is lightly wounded.
b - 54 stones The orc wizard hits you with a +0 dagger.
* * * LOW HITPOINT WARNING * * *
Casting: Sandblast (safe; 11% risk of failure)
Confirm with . or Enter, or press ? or * to list all spells.
You don't have enough magic to cast that spell.
Unknown command.
You hit the orc wizard but do no damage.
The orc wizard is lightly wounded.
The orc wizard completely misses you.
You hit the orc wizard but do no damage.
The orc wizard is lightly wounded.
The orc wizard hits you but does no damage.
The orc wizard points at you and mumbles some strange words.
The magic dart hits you!
You die...

..###..# ###.#....# #
..#...... ...#.#..###.##
....#..# #
#.......?..... .......#
#.##.##.##.......
..###.##
#........o.......
......# ###
####.####....≈...
#.##### #.. #..)s#
#........ #.## ####.####
#o#### ###....≈≈ #..#
#.......# #@# ....≈≈
...# #.......# #.#
...... ...#
#.......###.##### .≈...
##.# #.......##......#
..... ...#
#...÷...##..###.####....
####
#.......##..###.........
#
#.......##....#.###.....
# ########.#.##.#.# ###
# ##.#.......#


You could see an orc wizard.

Vanquished Creatures
  An orc wizard (D:3)
  3 adders
  3 worms (D:2)
  A leopard gecko (D:3)
  4 orcs (D:3)
  2 ball pythons
  4 giant cockroaches
  4 goblins (D:1)
  4 hobgoblins
  4 jackals
  6 kobolds
  2 quokkas
  14 bats
  3 frilled lizards
  6 rats
61 creatures vanquished.

Notes
Turn   | Place    | Note
-------+----------+-------------------------------------------
     0 | D:1      | MisterFreud the Human Wanderer began the quest for the Orb.
     0 | D:1      | MisterFreud set off with the following items: a +0 robe, a
                  | +0 dagger, a ration; and the following spells available to
                  | memorise: Sting, Sandblast, Poisonous Vapours, Shock,
                  | Mephitic Cloud, Stone Arrow, Olgreb's Toxic Radiance, Venom
                  | Bolt
     0 | D:1      | Reached XP level 1. HP: 13/13 MP: 4/4
     2 | D:1      | Learned a level 1 spell: Sandblast
    73 | D:1      | Learned a level 1 spell: Shock
   322 | D:1      | Reached XP level 2. HP: 19/19 MP: 3/6
   325 | D:1      | Reached skill level 1 in Conjurations
   325 | D:1      | Reached skill level 1 in Air Magic
   958 | D:1      | Reached XP level 3. HP: 23/24 MP: 4/7
  1762 | D:2      | Reached XP level 4. HP: 30/30 MP: 4/8
  2713 | D:2      | Found a deep blue altar of Sif Muna.
  3181 | D:3      | Found a glowing drain.
  3193 | Sewer    | Entered a sewer
  3559 | D:3      | Reached XP level 5. HP: 10/35 MP: 6/9
  3814 | D:3      | Killed from afar by an orc wizard

Vault maps used:
D:1:      dpeg_arrival_subterranean_lakeside_camping, chequers_decorated_corner,
          minmay_misc_feat_ornament, minmay_misc_feat_encased
D:2:      marbit_many_paths
D:3:      portal_sewer_entry_b, minmay_misc_feat_columns, skrybe_limestone_x
Sewer:    sewer_minmay_w

Skill      XL: |  1  2  3  4  5 |
---------------+----------------+-----
Conjurations   | 1 2 |  2.0
Air Magic      | 1 2 |  2.0
Earth Magic    | 2 3 |  3.4
Fighting       | |  0.1
Shields        | |  1.0
Spellcasting   | |  3.0
Necromancy     | |  1.0
Poison Magic   | |  3.0
Evocations     | |  1.0

Action                   |  1- 3 |  4- 6 || total
-------------------------+-------+-------++-------
Melee: Dagger            |    12 |    36 ||    48
       Short sword       |    36 |    52 ||    88
 Cast: Shock             |    56 |    34 ||    90
       Sandblast         |     5 |    23 ||    28
  Use: Potion            |     2 |       ||     2
 Stab: Sleeping          |       |     1 ||     1
  Eat: Chunk             |     2 |     9 ||    11
Armor: Robe              |    28 |    31 ||    59
Dodge: Dodged            |    53 |    50 ||   103

Table legend:
 A = Non-vault XP
 B = Vault XP
 C = Vault XP percentage of total XP
 D = Non-vault monster count
 E = Vault monster count
 F = Vault count percentage of total count
                 A         B        C        D         E       F
            +---------+---------+-------+---------+---------+-------
      Total |     159 |      27 |  14.5 |      51 |      10 |  16.4
            +---------+---------+-------+---------+---------+-------
        D:1 |      26 |      10 |  27.8 |      17 |       6 |  26.1
        D:2 |      61 |       2 |   3.2 |      18 |       1 |   5.3
        D:3 |      72 |      14 |  16.3 |      16 |       2 |  11.1
      Sewer |       0 |       1 | 100.0 |       0 |       1 | 100.0
            +---------+---------+-------+---------+---------+-------
